 Dungeon Crawl Stone Soup version 0.31.0-32-g396128a36d (webtiles) character file.

Game seed: 10201564625451042340

71 DildoBatman the Conjurer (level 4, -2/32 HPs)
             Began as a Formicid Conjurer on Mar 11, 2024.
             Slain by a gnoll
             ... wielding a +1 flail of holy wrath
              (10 damage)
             ... on level 2 of the Dungeon.
             The game lasted 00:04:05 (1287 turns).

DildoBatman the Conjurer (Formicid Conjurer)        Turns: 1287, Time: 00:04:05

Health: -2/32      AC:  2    Str: 12    XL:     4   Next: 47%
Magic:  4/7        EV: 12    Int: 19    God:
Gold:   59         SH:  0    Dex: 12    Spells: 5/8 levels left

rFire   . . .        c - +0 sling
rCold   . . .        (no shield)
rNeg    . . .        a - +0 robe
rPois   .            (helmet unavailable)
rElec   .            (no cloak)
rCorr   .            (no gloves)
SInv    +            (no boots)
Will    .....        (no amulet)
Stlth   ++           (no ring)
HPRegen 0.25/turn    (no ring)
MPRegen 0.10/turn

%: no passive effects
@: no status effects
A: permanent stasis, dig shafts and tunnels, antennae 3, four strong arms
a: Dig, Shaft Self


You were on level 2 of the Dungeon.
You visited 1 branch of the dungeon, and saw 2 of its levels.

You collected 59 gold pieces.

Inventory:

Hand Weapons
 c - a +0 sling (weapon)
 d - a +0 short sword
Missiles
 e - 21 stones
Armour
 a - a +0 robe (worn)
Jewellery
 j - a ring of flight
Scrolls
 i - a scroll of fear {unknown}
Potions
 b - a potion of magic
 f - 2 potions of curing {unknown}
 g - a potion of invisibility {unknown}
 h - a potion of cancellation {unknown}


   Skills:
 + Level 1.3 Fighting
 + Level 1.5 Armour
 + Level 2.3 Dodging
 + Level 3.2 Stealth
 + Level 2.6 Spellcasting
 + Level 3.8 Conjurations


You had 5 spell levels left.
You knew the following spells:

 Your Spells              Type           Power      Damage    Failure   Level
a - Searing Ray           Conj           34%        2d5       4%          2
c - Magic Dart            Conj           68%        1d6       3%          1

Your spell library contained the following spells:

 Spells                   Type           Power      Damage    Failure   Level
 Fulminant Prism          Conj/Alch      4%         3d5       56%         4
 Iskenderun's Mystic Bla  Conj/Tloc      9%         2d4       56%         4


Dungeon Overview and Level Annotations

Branches:
Dungeon (2/15)

Altars:
Hepliaklqana

Annotations:
D:1 exclusion: downstairs
D:2 Terence


Innate Abilities, Weirdness & Mutations

You cannot be hasted, slowed, berserked, paralysed or teleported.
You can dig through walls and to a lower floor.
You have a pair of large antennae on your head. (SInv)
Your four strong arms can wield two-handed weapons with a shield.


Message History

You shoot a sling bullet. The sling bullet hits the gnoll.
The gnoll is heavily wounded.
The gnoll hits you from afar with a +0 spear.
A gnoll comes into view.
It is wielding a +1 flail of holy wrath.
The gnoll closely misses you.
You shoot a sling bullet. The gnoll shouts!
The sling bullet hits the gnoll.
The gnoll is almost dead.
The gnoll closely misses you.
You shoot a sling bullet.
The sling bullet closely misses the gnoll.
The gnoll barely misses you.
A gnoll comes into view. It is wielding a +1 whip of venom.
You shoot a sling bullet.
The sling bullet closely misses the gnoll.
The gnoll hits you from afar with a +0 spear.
The gnoll hits you from afar with a +0 spear!
You shoot a sling bullet.
The sling bullet closely misses the gnoll.
The sling bullet hits the gnoll.
The gnoll is moderately wounded.
The gnoll hits you from afar with a +0 spear.
You shoot a sling bullet. The sling bullet hits the gnoll.
You kill the gnoll!
You shoot a sling bullet. The sling bullet hits the gnoll.
The gnoll is heavily wounded.
The gnoll barely misses you.
You shoot a sling bullet. The sling bullet hits the gnoll.
The gnoll is almost dead.
The gnoll closely misses you.
You shoot a sling bullet.
The sling bullet closely misses the gnoll.
The gnoll hits you with a +1 whip of venom.
The gnoll hits you with a +1 flail of holy wrath!
You die...

...#.##.>...####..............#
#..#†##.....# #.).....#####..#
.....######## #.......# #..##
#..### #.......# ###...##
....#############.....## #.......
#.............# #....## #.#...#.
...[........#.# #)#### ##.#...#.
.......#..#.#.###g# #......#
......##..#....)@g#######..#####
#...####..###.####...#......##
#.........÷...# #.#...†.........
###########.######...#.#....###.#
#.#.....#.##........#
#...#.#....#..#...#...
##............#.......#
##.#.#..)........#.###
#...........###.#.#


You could see 2 gnolls.

Vanquished Creatures
  3 gnolls (D:2)
  A ribbon worm (D:2)
  2 dart slugs
  2 ball pythons
  4 endoplasms (D:1)
  7 goblins
  2 hobgoblins (D:2)
  3 jackals (D:2)
  A quokka (D:1)
  A bat (D:2)
  4 kobolds
  3 rats
33 creatures vanquished.

Notes
Turn   | Place    | Note
-------+----------+-------------------------------------------
     0 | D:1      | DildoBatman the Formicid Conjurer began the quest for the
                  | Orb.
     0 | D:1      | Reached XP level 1. HP: 13/13 MP: 3/3
   211 | D:1      | Reached XP level 2. HP: 20/20 MP: 0/5
   214 | D:1      | Learned a level 2 spell: Searing Ray
   538 | D:1      | Reached skill level 1 in Armour
   625 | D:1      | Reached XP level 3. HP: 20/25 MP: 2/6
   718 | D:2      | Noticed Terence
   945 | D:2      | Reached skill level 1 in Fighting
   985 | D:2      | Found a hazy altar of Hepliaklqana.
  1273 | D:2      | Reached XP level 4. HP: 28/32 MP: 3/7
  1287 | D:2      | Slain by a gnoll

Illustrated notes

Levels and vault maps discovered:
D:1:      grunt_arrival_lava_bath, layout_loops_cross
D:2:      layout_loops_cross, basic_altar, serial_glass, glass_columns_a,
          glass_columns_c, glass_columns_a, glass_columns_b, glass_columns_a,
          cheibrodos_gnoll_hut, uniq_terence

Skill      XL: |  1  2  3 |
---------------+----------+-----
Dodging        | 2 |  2.3
Armour         | 1 |  1.5
Fighting       | 1 |  1.3
Stealth        | 3 |  3.2
Spellcasting   | |  2.6
Conjurations   | |  3.8

Action                     |  1- 3 |  4- 6 || total
---------------------------+-------+-------++-------
  Melee: Short sword       |    24 |       ||    24
   Fire: Sling             |    19 |    11 ||    30
   Cast: Magic Dart        |    43 |       ||    43
         Searing Ray       |     8 |       ||     8
   Stab: Sleeping          |     1 |       ||     1
 Armour: Robe              |    22 |     7 ||    29
  Dodge: Dodged            |    33 |     5 ||    38
